 Dungeon Crawl Stone Soup version 0.31.0-11-ge490571c62 (webtiles) character file.

Game seed: 9789122826956992953

3446 Marvel the Basher (level 9, -1/78 HPs)
             Began as an Armataur Berserker on Feb 7, 2024.
             Was an Elder of Trog.
             Slain by an orc warlord
             ... wielding a +5 broad axe
              (16 damage)
             ... in a bailey.
             The game lasted 00:08:40 (5634 turns).

Marvel the Basher (Armataur Berserker)              Turns: 5634, Time: 00:08:41

Health: -1/78      AC: 10    Str: 26    XL:     9   Next: 77%
Magic:  24/24      EV:  8    Int: 12    God:    Trog [****..]
Gold:   582        SH:  0    Dex: 10    Spells: 8/8 levels left

rFire   + . .        h - +8 whip "Tyfrod" {spect, rF+ Int+4}
rCold   . . .        (no shield)
rNeg    . . .        G - +0 chain mail
rPois   .            (no helmet)
rElec   .            (no cloak)
rCorr   .            E - +0 pair of gloves
SInv    .            (no barding)
Will    .....        q
                       - Hermit's Pendant {Faith Invo=14 Evo=0 MP+5} Stlth
                     (no ring)
HPRegen 0.33/turn    (no ring)
MPRegen 0.19/turn

%: roll, faith
@: on berserk cooldown, slowed, very slow
A: large, deformed body, tough skin 3, armoured tail, roll 2
a: Renounce Religion, Berserk, Trog's Hand, Brothers in Arms


You were in a bailey.
You worshipped Trog.
Trog was greatly pleased with you.
You visited 1 branch of the dungeon, and saw 7 of its levels.
You also visited: Ossuary and Bailey.

You collected 582 gold pieces.

Inventory:

Hand Weapons
 a - a +0 mace
 h - the +8 whip "Tyfrod" (weapon) {spect, rF+ Int+4}
   (You found it on level 2 of the Dungeon)

   Int+4:     It affects your intelligence (+4).
   rF+:       It protects you from fire.
Missiles
 i - 3 datura-tipped darts (quivered)
 w - 3 poisoned darts
Armour
 b - a +0 animal skin
 E - a +0 pair of gloves (worn)
 G - a +0 chain mail (worn)
Jewellery
 q - the Hermit's Pendant (around neck) {Faith Invo=14 Evo=0 MP+5}
   (You found it on level 4 of the Dungeon)

   [amulet of faith]

   Invo=14: It sets your Invocations skill to 14.
   Evo=0: It sets your Evocations skill to 0.
   Faith:     It allows you to gain divine favour quickly.
   MP+5:      It affects your magic capacity (+5).
 z - a ring of ice
 D - an amulet of the acrobat
 H - an amulet of reflection
Wands
 u - a wand of polymorph (7)
 y - a wand of roots (8)
Scrolls
 c - 6 scrolls of teleportation {unknown}
 d - 4 scrolls of enchant armour {unknown}
 e - 2 scrolls of poison {unknown}
 f - 15 scrolls of identify {unknown}
 g - 3 scrolls of fear {unknown}
 j - a scroll of noise {unknown}
 o - a scroll of amnesia {unknown}
 p - 3 scrolls of silence {unknown}
 s - a scroll of immolation {unknown}
 x - 3 scrolls of enchant weapon {unknown}
 F - a scroll of brand weapon {unknown}
 I - a scroll of blinking {unknown}
Potions
 k - a potion of attraction {unknown}
 l - 5 potions of heal wounds
 m - a potion of haste {unknown}
 n - 3 potions of lignification {unknown}
 r - 4 potions of curing {unknown}
 t - 2 potions of mutation {unknown}
 v - 2 potions of invisibility {unknown}
 A - 3 potions of might {unknown}
 B - 2 potions of ambrosia {unknown}
 C - a potion of brilliance {unknown}
 J - a potion of magic {unknown}


   Skills:
 + Level 6.9 Fighting
 + Level 8.6 Maces & Flails
 + Level 1.0 Throwing
 + Level 4.9 Armour
 + Level 3.9 Dodging
 + Level 5.6 Stealth
 + Level 1.8 Unarmed Combat


You had 8 spell levels left.
You didn't know any spells.
Your spell library was empty.

Dungeon Overview and Level Annotations

Branches:
Dungeon (7/15)             Temple (0/1) D:5         Ossuary (visited)
 Bailey (1/1)

Altars:
Gozag
Nemelex Xobeh
Sif Muna
Wu Jian
Xom
Zin

Shops:
D:1 ((=:   D:5 :


Innate Abilities, Weirdness & Mutations

Armour fits poorly on your strangely shaped body.
You have extremely tough skin. (AC +3)
You have a long armoured tail.
You regenerate magic and health when rolling toward enemies. (Rampage Regen)


Message History

* * * LOW HITPOINT WARNING * * *
The orc warrior hits you with a +0 broad axe.
* * * LOW HITPOINT WARNING * * *
You miss the goblin. You tail-slap the goblin.
You kill the goblin!
Trog accepts your kill.
You whack the orc warlord!
The orc warlord is lightly wounded.
Your +8 whip "Tyfrod" {spect, rF+ Int+4} barely misses the orc warlord.
The orc warlord hits you with a +5 broad axe!!
* * * LOW HITPOINT WARNING * * *
The orc warlord hits your +8 whip "Tyfrod" {spect, rF+ Int+4} with a +5 broad axe!
Your spectral weapon shares its damage with you!
* * * LOW HITPOINT WARNING * * *
Your +8 whip "Tyfrod" {spect, rF+ Int+4} disappears.
Things that are here:
a +0 war axe; a +0 scale mail You feel a strong urge to attack something.
You feel your anger nearly subside.
You are no longer berserk.
You are exhausted.
You feel yourself slow down.
Items here: )) [[ ÷.
There is an open door, spattered with blood here.
Items here: ))))) [[[[[ ††.
The orc warlord roars a battlecry!
It was a potion of heal wounds.
You feel much better.
The orc warlord hits you with a +5 broad axe!!
* * * LOW HITPOINT WARNING * * *
Okay, then.
The hobgoblin attacks as it pursues you!
The hobgoblin hits you but does no damage.
The orc warlord barely misses you.
The hobgoblin hits you but does no damage.
The hobgoblin attacks as it pursues you!
The hobgoblin hits you with a +0 hand axe.
* * * LOW HITPOINT WARNING * * *
The hobgoblin attacks as it pursues you!
The hobgoblin hits you but does no damage.
The orc warlord hits you with a +5 broad axe!
You die...

.)........)).......#
.##.......##.......##
..#....go.#.........#
..##88o88##.........##
...###)###.....⌠.....#
..###.).###.........##
..#.......#.....o...#
.##.......##...go..##
.#.........#....@).#
##.........##..)..##
#...........####)##
##.........##.....##
.#.........#.......#
.## ##.......## ..#
#.........# ..##
##.........##
...#######.))..⌠.....#


You could see an orc warlord, an orc warrior (strong) and a hobgoblin.

Vanquished Creatures
  An orc knight (Bailey)
  Sigmund (D:4)
  Eustachio (D:4)
  The ghost of Doomgape the Insei, an amateur DsSh (D:3)
  The ghost of Prykner the Slasher, an amateur DsGl of Okawaru (D:3)
  Menkaure (D:5)
  A sky beast (D:7)
  8 orc warriors (Bailey)
  A black bear (D:6)
  A centaur (D:6)
  3 phantoms
  A bullfrog (D:6)
  Blork the orc (D:5)
  2 scorpions
  A crimson imp (D:6)
  A jelly (D:5)
  3 orc priests
  A human zombie (D:6)
  2 sleepcaps
  Jessica (D:3)
  2 human skeletons (D:6)
  Natasha (thrice) (D:2)
  3 iguanas
  2 orc wizards
  8 mummies (Ossuary)
  12 gnolls
  6 adders
  A white imp (D:6)
  3 dart slugs
  5 ribbon worms
  18 orcs
  A ball python (D:1)
  An endoplasm (D:1)
  6 giant cockroaches
  2 gnoll zombies (Ossuary)
  5 goblins
  15 hobgoblins
  2 jackals (D:3)
  4 kobolds
  4 quokkas
  3 bats
  2 frilled lizards (D:1)
  2 hobgoblin zombies (Ossuary)
  A kobold zombie (Ossuary)
  2 orc skeletons (D:6)
  4 orc zombies
  2 rats (D:2)
152 creatures vanquished.

Vanquished Creatures (collateral kills)
  A goblin (Bailey)
1 creature vanquished.

Vanquished Creatures (others)
  An orc (Bailey)
  2 goblins (Bailey)
3 creatures vanquished.

Grand Total: 156 creatures vanquished

Notes
Turn   | Place    | Note
-------+----------+-------------------------------------------
     0 | D:1      | Marvel the Armataur Berserker began the quest for the Orb.
     0 | D:1      | Reached XP level 1. HP: 18/18 MP: 1/1
    77 | D:1      | Found Jat Gog's Jewellery Shoppe.
    89 | D:1      | Found Tustrib's Weapon Emporium.
   113 | D:1      | Found Aptaw's Weapon Boutique.
   249 | D:1      | Found Zioduw Suli's Book Shoppe.
   344 | D:1      | Reached XP level 2. HP: 25/25 MP: 2/2
   408 | D:1      | Reached skill level 3 in Maces & Flails
   769 | D:2      | Identified the +8 whip "Tyfrod" {spect, rF+ Int+4}
   828 | D:2      | Noticed Natasha
   834 | D:2      | Killed Natasha
   835 | D:2      | Reached XP level 3. HP: 21/31 MP: 3/3
   979 | D:2      | Noticed Natasha
   981 | D:2      | Killed Natasha
   982 | D:2      | Reached XP level 4. HP: 38/38 MP: 4/4
  1059 | D:2      | Reached ** piety under Trog
  1062 | D:2      | Noticed Natasha
  1067 | D:2      | Killed Natasha
  1491 | D:3      | Found a shimmering altar of Xom.
  1560 | D:3      | Reached XP level 5. HP: 44/46 MP: 5/5
  1602 | D:3      | Noticed Jessica
  1609 | D:3      | Found a runed translucent gate.
  1610 | D:3      | Killed Jessica
  1611 | D:3      | Reached skill level 4 in Maces & Flails
  1646 | D:3      | Found a runed translucent gate.
  1646 | D:3      | Found a runed translucent gate.
  1648 | D:3      | Noticed Doomgape's ghost (amateur DsSh)
  1648 | D:3      | Noticed Prykner's ghost (amateur DsGl)
  1900 | D:3      | Noticed a phantom
  1905 | D:3      | Killed a phantom
  1945 | D:3      | Found an ornate altar of the Wu Jian Council.
  2044 | D:3      | Found a faded altar of an unknown god.
  2231 | D:4      | Reached XP level 6. HP: 41/52 MP: 6/6
  2237 | D:4      | Found the Hermit's Pendant {Faith Invo=14 Evo=0 MP+5}
  2396 | D:4      | Reached skill level 1 in Stealth
  2659 | D:4      | Noticed Eustachio
  2668 | D:4      | Killed Eustachio
  2669 | D:4      | Reached skill level 5 in Maces & Flails
  2669 | D:4      | Gained mutation: You regenerate magic and health when
                  | rolling toward enemies. (Rampage Regen) [Armataur growth]
  2669 | D:4      | Reached XP level 7. HP: 60/60 MP: 7/7
  3050 | D:4      | Noticed Sigmund
  3066 | D:4      | Killed Sigmund
  3174 | D:3      | Killed Doomgape's ghost
  3175 | D:3      | Reached skill level 5 in Fighting
  3185 | D:3      | Killed Prykner's ghost
  3186 | D:3      | Reached skill level 6 in Maces & Flails
  3361 | D:5      | Entered Level 5 of the Dungeon
  3384 | D:5      | Noticed Blork the orc
  3386 | D:5      | Noticed Menkaure
  3387 | D:5      | Found Aseatid's Tiny Tomes.
  3388 | D:5      | Killed Blork the orc
  3389 | D:5      | Reached XP level 8. HP: 68/68 MP: 18/18
  3392 | D:5      | Killed Menkaure
  3393 | D:5      | Reached skill level 1 in Unarmed Combat
  3431 | D:5      | Found an opulent altar of Gozag.
  3692 | D:5      | Found a glowing silver altar of Zin.
  3745 | D:5      | Found a staircase to the Ecumenical Temple.
  4306 | D:6      | Reached skill level 7 in Maces & Flails
  4416 | D:6      | Found a sand-covered staircase.
  4436 | Ossuary  | Entered an ossuary
  4451 | Ossuary  | Reached *** piety under Trog
  4701 | D:6      | Found a sparkling altar of Nemelex Xobeh.
  4902 | D:6      | Reached XP level 9. HP: 75/75 MP: 19/19
  5058 | D:7      | Found a shimmering blue altar of Sif Muna.
  5148 | D:7      | Found a flagged portal.
  5161 | D:7      | Reached skill level 5 in Stealth
  5162 | Bailey   | Entered a bailey
  5183 | Bailey   | Reached **** piety under Trog
  5399 | Bailey   | Reached skill level 8 in Maces & Flails
  5602 | Bailey   | Noticed an orc knight
  5602 | Bailey   | Noticed an orc warlord
  5614 | Bailey   | Killed an orc knight
  5617 | Bailey   | Reached skill level 1 in Throwing
  5619 | Bailey   | HP: 4/117 [orc warlord/+5 broad axe (26)]
  5619 | Bailey   | HP: 1/117 [orc warlord/+5 broad axe (3)]
  5634 | Bailey   | Slain by an orc warlord

Illustrated notes

Levels and vault maps discovered:
D:1:      evilmike_arrival_rings, layout_loops_ring, serial_shops,
          nicolae_shop_hallway_plus, nicolae_shop_back_alley_shop,
          nicolae_shop_tiny_statue_garden, nicolae_shop_window_shopping
D:2:      layout_basic, uniq_natasha
D:3:      layout_loops_ring, lemuel_round_altar, marbit_many_paths,
          shapermc_ecumenical_altar_flowoftime, gammafunk_ghost_cemetery,
          uniq_jessica
D:4:      layout_basic, uniq_sigmund, uniq_eustachio
D:5:      layout_gridville, mainiacjoe_overflow_tiny_flanked,
          mainiacjoe_overflow_24_doors, minmay_temple_entry_waves,
          nicolae_shop_i_like_small_books_too, uniq_menkaure, uniq_blork_the_orc
D:6:      layout_cave_pools, nemelex_diamond_rough_becter,
          nicolae_ossuary_entry_catacombs, minmay_misc_feat_ornament,
          minmay_fire_ice_demons
D:7:      layout_loops_ring, lemuel_doored_altar, enter_bailey_2
Bailey:   bailey_axe_minmay_hex_keep, bailey

Skill      XL: |  1  2  3  4  5  6  7  8  9 |
---------------+----------------------------+-----
Maces & Flails | 3 4 5 6 7 8 |  8.6
Fighting       | 3 4 5 6 |  6.9
Armour         | 3 4 |  4.9
Dodging        | 2 3 |  3.9
Stealth        | 1 3 4 5 |  5.6
Unarmed Combat | 1 |  1.8
Throwing       | 1 |  1.0

Action                     |  1- 3 |  4- 6 |  7- 9 || total
---------------------------+-------+-------+-------++-------
  Melee: Mace              |    47 |       |       ||    47
         Tailslap          |     4 |     8 |    39 ||    51
         Whip              |     6 |    77 |   232 ||   315
         Unarmed           |       |       |    14 ||    14
         Punch             |       |       |     6 ||     6
  Throw: Dart              |       |       |     6 ||     6
 Invoke: Berserk           |       |     1 |     2 ||     3
    Use: Potion            |       |       |     1 ||     1
   Stab: Sleeping          |       |     3 |     5 ||     8
         Distracted        |       |       |     2 ||     2
 Armour: Animal skin       |    34 |    40 |    51 ||   125
         Skin              |       |       |     2 ||     2
         Chain mail        |       |       |    79 ||    79
  Dodge: Dodged            |    31 |    26 |    61 ||   118
